 Dungeon Crawl Stone Soup version 0.30-a0-916-g9813417 (webtiles) character file.

Game seed: 2859922522289097995

27143 Dorkslayer the Fighter (level 13, -13/82 HPs)
             Began as a Gargoyle Fighter on Mar 26, 2023.
             Was an Initiate of Gozag.
             Mangled by a sun demon (22 damage)
             ... summoned by an orc high priest
             ... on level 2 of the Orcish Mines.
             The game lasted 01:13:12 (11237 turns).

Dorkslayer the Fighter (Gargoyle Fighter)          Turns: 11237, Time: 01:13:12

Health: -13/82     AC: 41    Str: 27    XL:     13   Next: 30%
Magic:  13/13      EV:  9    Int: 13    God:    Gozag
Gold:   448        SH: 11    Dex: 13    Spells: 12/12 levels left

rFire   x . .      SeeInvis .    d - +2 war axe (elec)
rCold   + . .      Faith    .    r - +0 kite shield
rNeg    + + +      Spirit   .    m - +7 plate armour {rN+}
rPois   ∞          Reflect  .    g - +1 helmet
rElec   +          Rampage  .    (no cloak)
rCorr   .          Harm     + .  k - +2 pair of gloves {Str+3}
Will    .....                    B - +3 pair of boots of Lebb {Harm Str+2 Dex+3} Stlth
                                 s - amulet of regeneration
HPRegen 1.93/turn                l - ring of protection from cold
MPRegen 0.13/turn                q - ring of positive energy

@: studying Unarmed Combat, unable to drink
A: sickness immunity, AC +9, negative energy resistance 1, electricity
resistance, torment resistance 1, petrification resistance, hooves 1, clever 1,
regeneration 1, shaggy fur 1, heat vulnerability 1, inability to drink after
injury 1
a: Renounce Religion, Potion Petition, Call Merchant, Bribe Branch


You were on level 2 of the Orcish Mines.
You worshipped Gozag.
Gozag was aware of your devotion.
You visited 3 branches of the dungeon, and saw 15 of its levels.

You collected 2700 gold pieces.
You spent 2105 gold pieces at shops.
You paid 147 gold pieces to Gozag.

Inventory:

Hand Weapons
 d - a +2 war axe of electrocution (weapon)
 u - a +0 broad axe of freezing
 x - a +3 mace
Missiles
 c - 3 throwing nets
 i - 8 boomerangs of dispersal
 w - 12 boomerangs
 z - 5 silver boomerangs (quivered)
Armour
 g - a +1 helmet (worn)
 k - a +2 pair of gloves of strength (worn)
 m - a +7 plate armour of positive energy (worn)
 r - a +0 kite shield (worn)
 B - the +3 pair of boots of Lebb (worn) {Harm Str+2 Dex+3}
   (You bought it in a shop on level 2 of the Dungeon)

   Str:       It affects your strength (+2).
   Dex:       It affects your dexterity (+3).
   Harm:      It increases damage dealt and taken.
Jewellery
 l - a ring of protection from cold (left hand)
 q - a ring of positive energy (right hand)
 s - an amulet of regeneration (around neck)
Wands
 f - a wand of flame (29)
 n - a wand of polymorph (6)
 v - a wand of charming (8)
 y - a wand of roots (1)
Scrolls
 a - a scroll of silence
 h - 2 scrolls of poison
 j - 2 scrolls of enchant armour
 o - 4 scrolls of immolation
 p - 5 scrolls of enchant weapon
 D - a scroll of blinking
 G - 4 scrolls of teleportation
 I - 2 scrolls of magic mapping
Potions
 b - 2 potions of lignification
 e - a potion of cancellation
 t - 2 potions of attraction
 A - a potion of heal wounds
 C - a potion of berserk rage


   Skills:
 * Level 9.9 Fighting
 * Level 8.0 Axes
 * Level 6.0 Throwing
 + Level 9.1 Armour
 + Level 8.4 Dodging
 + Level 9.1 Shields
 + Level 9.0 Evocations


You had 12 spell levels left.
You didn't know any spells.
Your spell library contained the following spells:

 Spells                   Type           Power      Damage    Failure   Level
 Apportation              Tloc           0%         N/A       100%        1
 Necrotise                Necr           0%         1d4       100%        1
 Summon Small Mammal      Summ           0%         N/A       100%        1
 Blink                    Tloc           0%         N/A       100%        2
 Lesser Beckoning         Tloc           0%         N/A       100%        2
 Momentum Strike          Conj/Tloc      0%         3d8       100%        2


Dungeon Overview and Level Annotations

Branches:
Dungeon (12/15)            Temple (1/1) D:6            Lair (0/5) D:8
    Orc (2/2) D:11            Elf (0/3) Orc:2

Altars:
Ashenzari
Cheibriados
Dithmenos
Elyvilon
Fedhas
Gozag
Hepliaklqana
Kikubaaqudgha
Makhleb
Nemelex Xobeh
Okawaru
Qazlal
Ru
Sif Muna
Trog
Uskayaw
Vehumet
Wu Jian
Xom
Yredelemnul
Zin
The Shining One

Shops:
D:2 [   D:5 ?:??   D:8 *   Orc:2 !?

Annotations:
D:4 2 transporters


Innate Abilities, Weirdness & Mutations

You are immune to sickness and miasma.
Your stone body is resilient. (AC +9)
You are immune to poison.
You resist negative energy. (rN+)
You are resistant to electric shocks. (rElec)
You are resistant to unholy torment.
You are immune to petrification.
You have large cloven feet.
Your mind is acute. (Int +4, Str/Dex -1)
Your natural rate of healing is unusually fast.
You are covered in fur. (AC +1)
You are vulnerable to heat. (rF-)
You occasionally lose the ability to drink potions when taking damage.


Message History

Lightning courses through the chaos spawn!!
The chaos spawn hits you but does no damage.
The orc high priest hits you but does no damage.
The chaos spawn barely misses you.
You slash the orc high priest!
The orc high priest is heavily wounded.
You slash the sun demon!
You hit the chaos spawn but do no damage.
The sun demon hits you!
You are engulfed in flames!!
The fire burns you terribly!
The orc high priest completely misses you.
The chaos spawn grows dozens of eye stalks in order to get a better look at you.
You block the chaos spawn's attack. The sun demon hits you!
You are engulfed in flames!!
The fire burns you terribly!
You feel threatened and lose the ability to drink potions!
* * * LOW HITPOINT WARNING * * *
The orc high priest hits you but does no damage.
You slash the orc high priest!
Lightning courses through the orc high priest!
The orc high priest is almost dead.
You hit the sun demon.
You hit the chaos spawn but do no damage.
You block the sun demon's attack.
The chaos spawn gores you but does no damage.
The orc high priest hits you but does no damage.
You cannot drink potions in your current state!
The orc high priest attacks as you move away!
You block the orc high priest's attack. The sun demon attacks as you move away!
The sun demon hits you but does no damage.
The orc high priest prays to Beogh.
The smoke demon hits you but does no damage. x3
The sun demon hits you but does no damage.
The sun demon attacks as you move away! The sun demon barely misses you.
The orc high priest hits you but does no damage.
Items here: $ )) [[.
The sun demon attacks as you move away! The sun demon hits you!
* * * LOW HITPOINT WARNING * * *
You are engulfed in flames!!
The fire burns you terribly!
You die...
Your body crumbles into a pile of gold.

# #................. #
##................ #
#................
#####..#....#....... #####
##.###............... ##.#.##
##...###.............. #.....#
##.....###............. ...#.##
##.#...#.###............ ..##.##
*#....33@..###...........
.##...#*#...#.#o#.).####.........
####.###...##..4##...###.........
# ####...*#.$#..##...###........
##...*#..###..##...###....... #
##.#.*#..#*∩*#..##.#.###......
####...##..#*,,,*#..##)..###.....
..###.#.##.,*∩,∩*,.##.#.###......
...###...##,,*,*,,##...###.......


You could see an orc high priest, a sun demon (summoned), a smoke demon
(summoned) and a chaos spawn (summoned).

Vanquished Creatures
  Snorg (Orc:1)
  Harold (Orc:1)
  Erica (D:9)
  Erolcha (Orc:1)
  2 demonspawn (Orc:2)
  A boulder beetle (D:11)
  6 orc high priests
  Amaemon (D:8)
  5 orc knights
  A cyclops (D:11)
  5 orc sorcerers
  A deep elf pyromancer (D:12)
  An elephant (D:8)
  A rust devil (Orc:2)
  2 gargoyles (D:11)
  2 orange demons
  3 trolls
  A hornet (D:9)
  A wyvern (D:9)
  11 yaks
  4 shadows (D:11)
  3 wraiths (D:11)
  A chaos spawn (Orc:2)
  2 steam dragons
  A neqoxec (Orc:2)
  An acid dragon (D:8)
  A water moccasin (D:8)
  25 orc warriors
  2 black bears (D:8)
  10 ogres
  A sky beast (D:7)
  2 phantoms
  6 centaurs
  A kobold brigand (D:6)
  Blork the orc (D:6)
  2 gnoll sergeants
  A scorpion (D:5)
  3 bullfrogs
  3 troll zombies (D:11)
  19 killer bees
  6 howler monkeys
  2 jellies
  A hound (D:5)
  A gnoll bouda (D:6)
  24 orc priests
  3 sleepcaps
  Natasha (thrice) (D:4)
  5 iguanas
  5 orc wizards
  5 ogre zombies (D:11)
  16 gnolls
  4 adders
  A shadow imp (D:6)
  3 worms
  A dart slug (D:4)
  58 orcs
  9 ball pythons
  4 endoplasms
  3 giant cockroaches
  10 goblins
  9 hobgoblins
  3 quokkas
  8 bats
  2 frilled lizards (D:3)
  3 goblin zombies (D:11)
  A hobgoblin skeleton (D:11)
  A hobgoblin zombie (D:11)
  10 kobolds
  3 orc skeletons (D:11)
  17 orc zombies (D:11)
  5 rats (D:1)
363 creatures vanquished.

Vanquished Creatures (others)
  A two-headed ogre (D:7)
  A deep elf pyromancer (D:7)
  An orc warrior (D:7)
  2 fungi (D:8)
  A plant (D:8)
6 creatures vanquished.

Grand Total: 369 creatures vanquished

Notes
Turn   | Place    | Note
-------+----------+-------------------------------------------
     0 | D:1      | Dorkslayer the Gargoyle Fighter began the quest for the
                  | Orb.
     0 | D:1      | Reached XP level 1. HP: 14/14 MP: 1/1
   209 | D:1      | Reached XP level 2. HP: 19/19 MP: 2/2
   543 | D:1      | Reached skill level 1 in Dodging
   857 | D:2      | Found Asaphaov's Antique Armour Shop.
   921 | D:2      | Reached XP level 3. HP: 18/23 MP: 3/3
  1096 | D:2      | Reached XP level 4. HP: 27/28 MP: 4/4
  1308 | D:3      | Reached skill level 1 in Evocations
  1422 | D:3      | Found a faded altar of an unknown god.
  1537 | D:3      | Reached XP level 5. HP: 33/33 MP: 5/5
  1708 | D:4      | Noticed Natasha
  1719 | D:4      | Killed Natasha
  1791 | D:4      | Noticed Natasha
  1832 | D:4      | Killed Natasha
  1958 | D:4      | Reached XP level 6. HP: 38/38 MP: 6/6
  1983 | D:4      | Noticed Natasha
  1986 | D:4      | Killed Natasha
  2027 | D:4      | Found a transporter.
  2032 | D:4      | Noticed a steam dragon
  2033 | D:4      | Found a transporter.
  2052 | D:4      | Found an ancient bone altar of Kikubaaqudgha.
  2476 | D:5      | Entered Level 5 of the Dungeon
  2476 | D:5      | Found Luwekk's Magic Scroll Shop.
  2479 | D:5      | Bought a scroll of identify for 22 gold pieces
  2479 | D:5      | Bought a scroll of teleportation for 33 gold pieces
  2479 | D:5      | Bought a scroll of immolation for 44 gold pieces
  2536 | D:5      | Reached XP level 7. HP: 35/43 MP: 7/7
  2917 | D:5      | Found Minun's Book Boutique.
  2940 | D:5      | Found Qaplaton's Magic Scroll Boutique.
  3030 | D:5      | Noticed a steam dragon
  3037 | D:5      | Killed a steam dragon
  3038 | D:5      | Reached XP level 8. HP: 33/48 MP: 8/8
  3104 | D:5      | Found Enekulas's Magic Scroll Emporium.
  3110 | D:5      | Bought a scroll of noise for 13 gold pieces
  3141 | D:5      | Found a shadowy altar of Dithmenos.
  3552 | D:6      | Noticed a troll
  3560 | D:6      | Killed a troll
  3561 | D:6      | Reached skill level 5 in Fighting
  3561 | D:6      | Reached skill level 5 in Armour
  3561 | D:6      | Reached skill level 5 in Shields
  3634 | D:6      | Found a snail-covered altar of Cheibriados.
  3796 | D:6      | Noticed Blork the orc
  3804 | D:6      | Killed Blork the orc
  3831 | D:6      | Found a shimmering blue altar of Sif Muna.
  3989 | D:6      | Reached XP level 9. HP: 46/54 MP: 9/9
  4008 | D:6      | Found a staircase to the Ecumenical Temple.
  4013 | Temple   | Entered the Ecumenical Temple
  4485 | D:7      | Noticed a deep elf pyromancer
  4490 | D:7      | Noticed a two-headed ogre
  4496 | D:7      | Noticed an orc sorcerer
  4499 | D:7      | Noticed an orange demon
  4503 | D:7      | Reached skill level 5 in Evocations
  4503 | D:7      | Killed an orc sorcerer
  4504 | D:7      | Reached skill level 5 in Dodging
  4506 | D:7      | Killed a deep elf pyromancer
  4507 | D:7      | HP: 1/55 [two-headed ogre/+0 giant club (6)]
  4508 | D:7      | Gained mutation: You have hidden genetic potential. [potion
                  | of mutation]
  4508 | D:7      | Gained mutation: You have great hidden genetic potential.
                  | [potion of mutation]
  4508 | D:7      | Killed a two-headed ogre
  4790 | D:7      | Reached XP level 10. HP: 52/60 MP: 10/10
  4801 | D:7      | Found a sacrificial altar of Ru.
  4900 | D:7      | Found a burning altar of Makhleb.
  4900 | D:7      | Noticed a blizzard demon
  5488 | D:8      | Noticed an orange demon
  5488 | D:8      | Noticed Amaemon
  5500 | D:8      | Killed an orange demon
  5501 | D:8      | Reached skill level 5 in Axes
  5530 | D:8      | Killed Amaemon
  5555 | D:8      | Gained mutation: You are covered in fur. (AC +1) [hidden
                  | potential]
  5647 | D:8      | Found an opulent altar of Gozag.
  5647 | D:8      | Found Gozag's Platinum Reserve.
  5658 | D:8      | Became a worshipper of Gozag Ym Sagoz the Greedy
  5685 | D:8      | Found a staircase to the Lair.
  5685 | D:8      | Noticed an elephant
  5710 | D:8      | Killed an elephant
  6011 | D:8      | Found a broken altar of Ashenzari.
  6319 | D:9      | Noticed Erica
  6327 | D:9      | Killed Erica
  6328 | D:9      | Reached XP level 11. HP: 40/67 MP: 11/11
  6604 | D:9      | Gained mutation: You have large cloven feet. [hidden
                  | potential]
  6604 | D:9      | Lost mutation: You have great hidden genetic potential.
                  | [hidden potential expressed]
  6630 | D:8      | HP: 1/67 [acid dragon/splash of acid (6)]
  6965 | D:10     | Entered Level 10 of the Dungeon
  7103 | D:10     | Found an iron altar of Okawaru.
  7151 | D:10     | Found a stormy altar of Qazlal.
  7815 | D:11     | Noticed a cyclops
  7823 | D:11     | Killed a cyclops
  7824 | D:11     | Reached skill level 1 in Throwing
  7914 | D:11     | Found a staircase to the Orcish Mines.
  8212 | D:11     | Noticed a boulder beetle
  8236 | D:11     | Killed a boulder beetle
  8348 | D:12     | Noticed a deep elf pyromancer
  8360 | D:12     | Killed a deep elf pyromancer
  8405 | Orc:1    | Entered Level 1 of the Orcish Mines
  8436 | Orc:1    | Reached XP level 12. HP: 73/73 MP: 12/12
  8543 | Orc:1    | Noticed Snorg
  8556 | Orc:1    | Killed Snorg
  8556 | Orc:1    | Noticed an orc high priest
  8560 | Orc:1    | Noticed a soul eater
  8570 | Orc:1    | Noticed Erolcha
  8840 | D:5      | Bought a scroll of enchant weapon for 75 gold pieces
  8840 | D:5      | Bought a scroll of silence for 95 gold pieces
  8840 | D:5      | Bought a scroll of enchant weapon for 75 gold pieces
  8840 | D:5      | Bought a scroll of teleportation for 30 gold pieces
  8899 | D:2      | Bought a glowing plate armour for 676 gold pieces
  8899 | D:2      | Bought a pair of steaming boots for 247 gold pieces
  8899 | D:2      | Identified the +3 pair of boots of Lebb {Harm Str+2 Dex+3}
                  | (You bought it in a shop on level 2 of the Dungeon)
  8979 | D:5      | Bought a scroll of enchant weapon for 97 gold pieces
  9250 | D:11     | Killed an orc high priest
  9276 | Orc:1    | Gained mutation: Your mind is acute. (Int +4, Str/Dex -1)
                  | [hidden potential]
  9315 | Orc:1    | Killed Erolcha
  9417 | Orc:2    | Entered Level 2 of the Orcish Mines
  9787 | Orc:1    | Noticed Harold
  9800 | Orc:1    | Killed Harold
  9823 | Orc:1    | Paralysed by an orc sorcerer for 5 turns
 10151 | Orc:2    | Found a staircase to the Elven Halls.
 10378 | Orc:2    | Found Tebbed's Magic Scroll Shoppe.
 10486 | Orc:2    | Found Vigrien's Distillery.
 10678 | Orc:2    | Bought a potion of heal wounds for 70 gold pieces
 10678 | Orc:2    | Bought a potion of berserk rage for 70 gold pieces
 10678 | Orc:2    | Bought a potion of heal wounds for 70 gold pieces
 10680 | Orc:2    | Bought a scroll of immolation for 64 gold pieces
 10680 | Orc:2    | Bought a scroll of blinking for 120 gold pieces
 10680 | Orc:2    | Bought a scroll of enchant armour for 120 gold pieces
 10680 | Orc:2    | Bought a scroll of magic mapping for 120 gold pieces
 10680 | Orc:2    | Bought a scroll of immolation for 64 gold pieces
 10693 | Orc:2    | Noticed an orc high priest
 10786 | Orc:1    | Reached skill level 5 in Throwing
 10916 | Orc:2    | Killed an orc high priest
 10984 | Orc:2    | Noticed an orc high priest
 10994 | Orc:2    | Noticed a soul eater
 11000 | Orc:2    | Killed an orc high priest
 11010 | Orc:2    | Reached XP level 13. HP: 80/80 MP: 13/13
 11020 | Orc:2    | Gained mutation: You are vulnerable to heat. (rF-) [a
                  | neqoxec]
 11020 | Orc:2    | Gained mutation: You occasionally lose the ability to drink
                  | potions when taking damage. [a neqoxec]
 11191 | Orc:2    | Gained mutation: Your natural rate of healing is unusually
                  | fast. [hidden potential]
 11191 | Orc:2    | Lost mutation: You have hidden genetic potential. [hidden
                  | potential expressed]
 11237 | Orc:2    | Mangled by a sun demon

Illustrated notes

Levels and vault maps discovered:
D:1:      lightli_iron_boxes, layout_basic, minmay_misc_feat_diagonals
D:2:      layout_rooms, serial_shops, shop
D:3:      layout_rooms, hellmonk_ecumenical_altar_defaced_shrine
D:4:      layout_rooms, gammafunk_temple_overflow_arena, kennysheep_minor_cross,
          uniq_natasha
D:5:      layout_loops_corners, mainiacjoe_overflow_surrounded_room,
          serial_shops, shop, nicolae_shop_stone, nicolae_diamond_shop,
          nicolae_stop_n_shop_1
D:6:      layout_cave_pools, cheibrodos_worm_habitat,
          lemuel_coloured_pillars_altar, temple_doors_e, uniq_blork_the_orc
D:7:      cheibrodos_wizards_tower, layout_loops_ring,
          makhleb_altar_promises_db, nicolae_ru_sacrificial_ziggurat,
          minmay_manual_mandibuliform
D:8:      layout_loops_cross, ashenzari_conservatory_becter,
          nicolae_gozag_zags_fifth_avenue, david_lair_generic, uniq_amaemon
D:9:      layout_roguey, uniq_erica
D:10:     layout_irregular_city, kennysheep_okawaru_gauntlet,
          old_standard_altar, minmay_rotating_lava
D:11:     layout_rooms, zombieorc2_lemuel
D:12:     layout_stronghold, uniq_rupert
Temple:   hc_temple_tempest_star
Orc:1:    layout_diamond_mine, uniq_erolcha, uniq_snorg, uniq_harold
Orc:2:    pf_orc_diabolical, layout_caves, basic_altar, mines2_david

Skill      XL: |  1  2  3  4  5  6  7  8  9 10 11 12 13 |
---------------+----------------------------------------+-----
Axes           | 2 3 4 5 6 7 8 |  8.0
Dodging        | 1 2 3 4 5 7 8 |  8.4
Evocations     | 1 2 3 4 6 7 8 9 |  9.0
Armour         | 4 5 6 7 8 9 |  9.1
Fighting       | 4 5 6 7 8 9 |  9.9
Shields        | 4 5 6 7 8 9 |  9.1
Throwing       | 3 5 6 |  6.0

Action                     |  1- 3 |  4- 6 |  7- 9 | 10-12 | 13-15 || total
---------------------------+-------+-------+-------+-------+-------++-------
  Melee: War axe           |    42 |       |    12 |   737 |    85 ||   876
         Hand axe          |    32 |   129 |   138 |       |       ||   299
  Throw: Boomerang         |       |       |     4 |     5 |       ||     9
  Evoke: Wand              |       |     1 |     4 |    17 |       ||    22
    Use: Potion            |       |     2 |    10 |     8 |       ||    20
         Scroll            |       |     6 |     1 |    15 |       ||    22
   Stab: Invisible         |       |       |     3 |       |       ||     3
         Distracted        |       |       |       |     3 |       ||     3
 Armour: Scale mail        |    39 |    54 |       |       |       ||    93
         Chain mail        |       |    70 |   150 |    29 |       ||   249
         Plate armour      |       |       |       |   567 |    99 ||   666
  Dodge: Dodged            |    41 |    78 |   101 |   379 |    48 ||   647
  Block: Buckler           |    15 |    36 |    46 |    86 |       ||   183
         Kite shield       |       |       |       |   287 |    72 ||   359

Table legend: (Time is in decaauts)
 A = Elapsed time spent in this place.
 B = Non-inter-level travel time spent in this place.
 C = Inter-level travel time spent in this place.
 D = Time resting spent in this place.
 E = Time spent auto-exploring this place.
 F = Levels seen in this place.
 G = Mean time per level.
                   A        B        C        D        E       F      G
               +--------+--------+--------+--------+--------+-----+--------+
         Total |  11705 |  11475 |    230 |    566 |   3326 |  15 |  780.3 |
       Dungeon |   9267 |   9048 |    219 |    425 |   3167 |  12 |  772.2 |
        Temple |    186 |    186 |      0 |      0 |      1 |   1 |  186.0 |
  Orcish Mines |   2251 |   2241 |     10 |    141 |    158 |   2 | 1125.5 |
               +--------+--------+--------+--------+--------+-----+--------+

Top non-repeatable levels by time:
   Orc:2: 1511 daAuts
     D:5: 1227 daAuts
     D:8: 1006 daAuts
     D:6: 991 daAuts
     D:7: 883 daAuts
     D:1: 872 daAuts
    D:10: 850 daAuts
     D:9: 790 daAuts
     D:4: 782 daAuts
    D:11: 747 daAuts
   Orc:1: 740 daAuts
     D:2: 557 daAuts
     D:3: 523 daAuts
  Temple: 186 daAuts
    D:12: 34 daAuts
